 Dungeon Crawl Stone Soup version 0.31-a0-1540-g5a0b83f448 (webtiles) character file.

Game seed: 2065959528094212334

21 Xavori the Trooper (level 3, 33/33 HPs)
             Began as a Djinni Chaos Knight on Jan 1, 2024.
             Was a Plaything of Xom.
             Quit the game on level 1 of the Dungeon.
             The game lasted 00:01:17 (10323 turns).

Xavori the Trooper (Djinni Chaos Knight)           Turns: 10323, Time: 00:01:18

Health: 33/33      AC:  5    Str: 10 (11) XL:     3   Next: 5%
Gold:   72         EV: 12    Int: 11      God:    Xom [..*...] SH:  0 Dex: 14

rFire   + + .        a - +0 falchion (chaos)
rCold   x . .        (no shield)
rNeg    . . .        b - +2 leather armour
rPois   ∞            (helmet restricted)
rElec   .            (no cloak)
rCorr   .            (no gloves)
SInv    .            (boots unavailable)
Will    .....        (no amulet)
Stlth   +            (no ring)
HPRegen 0.25/turn    (no ring)
MPRegen 0.00/turn

%: no passive effects
@: flying
A: sickness immunity, fire resistance 2, cold vulnerability 1, float, innate
caster, HP casting, extra vitality 1, antennae 1, claws 1, dopey 1, robust 1,
devolution 1
a: Renounce Religion


You were on level 1 of the Dungeon.
You worshipped Xom.
You were a toy of Xom.
You visited 1 branch of the dungeon, and saw 2 of its levels.

You collected 72 gold pieces.

Inventory:

Hand Weapons
 a - a +0 falchion of chaos (weapon)
Missiles
 g - 3 poisoned darts (quivered)
Armour
 b - a +2 leather armour (worn)
Scrolls
 c - a scroll of butterflies
Potions
 d - a potion of haste {unknown}
 e - a potion of heal wounds {unknown}
 f - a potion of berserk rage {unknown}


   Skills:
 + Level 3.1 Fighting
 + Level 2.8 Long Blades
 + Level 1.2 Armour
 + Level 2.4 Dodging
 + Level 0.4 Stealth
 * Level 0.5 Spellcasting
 * Level 0.5 Conjurations
 * Level 0.5 Hexes
   Level 0.0 Charms
 * Level 0.5 Summonings
 * Level 0.5 Necromancy
 * Level 0.5 Translocations
   Level 0.0 Transmutations
 * Level 0.5 Fire Magic
 * Level 0.5 Ice Magic
 * Level 0.5 Air Magic
 * Level 0.5 Earth Magic
 * Level 0.5 Alchemy


You knew the following spells:

 Your Spells              Type           Power      Damage    Failure   Level
a - Kiss of Death         Conj/Necr      4%         2d5       34%         1
Your spell library was empty.

Dungeon Overview and Level Annotations

Branches:
Dungeon (2/15)

Altars:


Innate Abilities, Weirdness & Mutations

You are immune to sickness and miasma.
You are immune to poison.
Your flesh is very heat resistant. (rF++)
You are vulnerable to cold. (rC-)
You float through the air rather than walking.
You learn spells naturally, not from books.
Your magical power is your life essence.
You have superior vitality. (+4 MHP)
You have a pair of small antennae on your head.
You have sharp fingernails.
You are dopey. (Int -2)
You are robust. (+10% HP)
You have hidden genetic defects.


Message History

Done waiting.
You start waiting.
Done waiting.
You start waiting.
Done waiting.
You start waiting.
Xom's power almost touches on you for a moment.
Nothing appears to happen...
Ominous!
You start waiting.
Done waiting.
You start waiting.
Done waiting.
You start waiting.
Done waiting.
You start waiting.
Done waiting.
You start waiting.
Done waiting.
You start waiting.
Done waiting.
You start waiting.
Done waiting.
You start waiting.
You almost hear Xom's maniacal laughter.
Your eyebrows wriggle.
You start waiting.
Done waiting.
You start waiting.
Done waiting.
You start waiting.
Done waiting.
You start waiting.
Done waiting.
You start waiting.
Done waiting.
You start waiting.
Done waiting.
You start waiting.
Done waiting.
Are you sure you want to abandon this character and quit the game? (Confirm with "yes".)

.##..#...#####...............####
.##..#.......................##..
.##......##....#.................
......^......................##.#
.........####.#..............##†#
.....#...####.#..............##.#
............#.#..................
######....###.#..............##.#
#..#.###...@............##.#
#......#.##.............##..
#.##.#.#.##.................
#....#.#.##.............####
#########.#.#.##.............#
............#...[............#
#########.######.............#
### ####.########## #.#


There were no monsters in sight!

Vanquished Creatures
  5 ball pythons
  2 endoplasms (D:1)
  2 giant cockroaches (D:1)
  3 goblins (D:1)
  A hobgoblin (D:1)
  A frilled lizard (D:1)
  2 kobolds (D:1)
  4 rats
20 creatures vanquished.

Notes
Turn   | Place    | Note
-------+----------+-------------------------------------------
     0 | D:1      | Xavori the Djinni Chaos Knight began the quest for the Orb.
     0 | D:1      | Reached XP level 1. HP: 20/20 MP: 0/0
    50 | D:1      | XOM: silly message
    53 | D:1      | XOM: swap monsters
   315 | D:1      | Reached XP level 2. HP: 22/25 MP: 0/0
   610 | D:1      | XOM: noise
   770 | D:1      | Reached XP level 3. HP: 30/30 MP: 0/0
   770 | D:1      | Learned a level 1 spell: Kiss of Death
   816 | D:2      | Found a faded altar of an unknown god.
  1161 | D:1      | XOM: stat loss: -1 Str (10/11)
  2455 | D:1      | XOM: give mutation
  2455 | D:1      | Gained mutation: You are partially covered in large bone
                  | plates. (SH +4) [Xom's mischief]
  3792 | D:1      | XOM: summons 2 hostile demons
  3967 | D:1      | XOM: god gift: runed great sword {god gift}
  4259 | D:1      | XOM: give mutation
  4259 | D:1      | Gained mutation: Your muscles are strong. (Str +4, Int/Dex
                  | -1) [Xom's grace]
  4320 | D:1      | XOM: scenery: summon butterflies
  4586 | D:1      | XOM: divination: magic mapping
  5951 | D:1      | XOM: give mutations
  5951 | D:1      | Gained mutation: You are dopey. (Int -2) [Xom's mischief]
  5951 | D:1      | Gained mutation: Armour fits poorly on your strangely
                  | shaped body. [Xom's mischief]
  6659 | D:1      | XOM: noise
  6857 | D:1      | XOM: give mutations
  6857 | D:1      | Gained mutation: You have a pair of small antennae on your
                  | head. [Xom's mischief]
  6857 | D:1      | Lost mutation: Your muscles are strong. (Str +4, Int/Dex
                  | -1) [Xom's mischief]
  7011 | D:1      | XOM: give mutations
  7011 | D:1      | Gained mutation: You have sharp fingernails. [Xom's
                  | mischief]
  7011 | D:1      | Lost mutation: You are partially covered in large bone
                  | plates. (SH +4) [Xom's mischief]
  7011 | D:1      | Gained mutation: You occasionally lose the ability to read
                  | scrolls when taking damage. [Xom's mischief]
  7067 | D:1      | XOM: give mutation
  7067 | D:1      | Gained mutation: You are robust. (+10% HP) [Xom's mischief]
  7400 | D:1      | XOM: give mutations
  7400 | D:1      | Lost mutation: Armour fits poorly on your strangely shaped
                  | body. [Xom's mischief]
  7442 | D:1      | XOM is BORED!
  7442 | D:1      | XOM: give mutations
  7442 | D:1      | Gained mutation: You are partially covered in iridescent
                  | scales. (AC +2) [Xom's mischief]
  7442 | D:1      | Lost mutation: You occasionally lose the ability to read
                  | scrolls when taking damage. [Xom's mischief]
  7442 | D:1      | Lost mutation: You are partially covered in iridescent
                  | scales. (AC +2) [Xom's mischief]
  7442 | D:1      | Gained mutation: You have hidden genetic defects. [Xom's
                  | mischief]
  8852 | D:1      | XOM: silly message
  9622 | D:1      | XOM: silly message
 10323 | D:1      | Quit the game

Illustrated notes

Levels and vault maps discovered:
D:1:      eino_arrival_water_star, layout_basic, kennysheep_minor_cross
D:2:      layout_loops_cross, basic_altar, ebering_ecumenical_altar_rust,
          kennysheep_generic_room_3

Action                     || total
---------------------------++-------
  Melee: Falchion          ||    47
 Armour: Leather armour    ||    19
  Dodge: Dodged            ||    21

Table legend: (Time is in decaauts)
 A = Elapsed time spent in this place.
 B = Non-inter-level travel time spent in this place.
 C = Inter-level travel time spent in this place.
 D = Time resting spent in this place.
 E = Time spent auto-exploring this place.
 F = Levels seen in this place.
 G = Mean time per level.
                   A        B        C        D        E       F      G
               +--------+--------+--------+--------+--------+-----+--------+
         Total |  10331 |  10286 |     45 |   9629 |    516 |   2 | 5165.5 |
       Dungeon |  10331 |  10286 |     45 |   9629 |    516 |   2 | 5165.5 |
               +--------+--------+--------+--------+--------+-----+--------+

Top non-repeatable levels by time:
     D:1: 10197 daAuts
     D:2: 133 daAuts
